 Dungeon Crawl Stone Soup version 0.28-a0-1435-g82390b3a13 (webtiles) character file.

Game seed: 13634107745919136490

37 enile the Prestidigitator (level 3, -21/28 HPs)
             Began as a Gnoll Wanderer on Jan 9, 2022.
             Killed from afar by Sigmund the rime drake (25 damage)
             ... with a flash freeze
             ... on level 2 of the Dungeon.
             The game lasted 00:03:19 (864 turns).

enile the Prestidigitator (Gnoll Wanderer)           Turns: 864, Time: 00:03:20

Health: -21/28     AC:  5    Str: 14    XL:     3   Next: 39%
Magic:  4/4        EV: 10    Int:  8    God:
Gold:   29         SH:  4    Dex: 13    Spells: 3/3 levels left

rFire   + . .      SeeInvis .   a - +0 hand crossbow
rCold   x . .      Faith    .   d - +0 buckler
rNeg    . . .      Spirit   .   n - +0 ring mail
rPois   .          Reflect  .   (no helmet)
rElec   .          Harm     .   (no cloak)
rCorr   .          Rampage  .   (no gloves)
Will    .....      Rnd*Tele +   (no boots)
Stlth   +.........              (no amulet)
HPRegen 0.09/turn               i - ring of fire
MPRegen 0.09/turn               (no ring)

@: mighty, hasted, very quick
A: fangs 1, strong nose, distributed training, teleportitis 1
a: no special abilities


You were on level 2 of the Dungeon.
You visited 1 branch of the dungeon, and saw 2 of its levels.

You collected 29 gold pieces.

Inventory:

Hand Weapons
 a - a +0 hand crossbow (weapon)
Missiles
 c - 34 bolts (quivered ammo)
 g - 8 poisoned darts
Armour
 d - a +0 buckler (worn)
 e - a +0 leather armour
 h - an orb of guile
 n - a +0 ring mail (worn)
Jewellery
 i - a ring of fire (left hand)
Wands
 b - a wand of polymorph (11) (quivered)
Scrolls
 k - a scroll of noise {unknown}
 o - 2 scrolls of identify {unknown}
Potions
 q - a potion of degeneration {unknown}


   Skills:
 + Level 2.6 Fighting
 + Level 0.7 Short Blades
 + Level 0.7 Long Blades
 + Level 0.7 Axes
 + Level 0.7 Maces & Flails
 + Level 0.7 Polearms
 + Level 0.7 Staves
 + Level 0.7 Slings
 + Level 0.7 Bows
 + Level 6.5 Crossbows
 + Level 0.7 Throwing
 + Level 0.7 Armour
 + Level 0.7 Dodging
 + Level 2.3 Stealth
 + Level 2.6 Shields
 + Level 0.7 Unarmed Combat
 + Level 0.7 Spellcasting
 + Level 0.5 Conjurations
 + Level 0.5 Hexes
 + Level 0.5 Summonings
 + Level 0.5 Necromancy
 + Level 0.5 Translocations
 + Level 0.5 Transmutations
 + Level 0.5 Fire Magic
 + Level 0.5 Ice Magic
 + Level 0.5 Air Magic
 + Level 0.5 Earth Magic
 + Level 0.5 Poison Magic
 + Level 0.9 Invocations
 + Level 8.5 Evocations


You had 3 spell levels left.
You didn't know any spells.
Your spell library was empty.

Dungeon Overview and Level Annotations

Branches:
Dungeon (2/15)

Altars:

Annotations:
D:2 Sigmund


Innate Abilities, Weirdness & Mutations

You have very sharp teeth.
Your uncanny sense of smell can sniff out nearby items.
Your experience applies equally to all skills.
You are occasionally teleported next to monsters.


Message History

Press: ? - help, Q - select action, (/) - cycle Shift-Dir - straight line, f/p - Sigmund
Aim: Sigmund the acid dragon (will become a tengu, a rime drake, or a swamp drake, chance to affect: 68%) Sigmund the acid dragon evaporates and reforms as a rime drake!
Sigmund bites you.
* * * LOW HITPOINT WARNING * * *
Sorry, you're not good enough to have a special ability.
It was a potion of might.
You feel very mighty all of a sudden. Sigmund closely misses you.
You are too injured to fight recklessly!
Press: ? - help, v - describe, . - travel
Here: Sigmund the rime drake The floor.
Press: ? - help, v - describe, . - travel
Here: Sigmund the rime drake The floor.
It was a potion of haste.
You feel yourself speed up. Sigmund bites you.
* * * LOW HITPOINT WARNING * * *
Sigmund bites you but does no damage.
It was a potion of heal wounds.
You feel much better.
You shoot a bolt. The bolt closely misses Sigmund.
Sigmund bites you but does no damage.
You shoot a bolt. The bolt hits Sigmund.
Sigmund is lightly wounded.
Sigmund bites you.
You shoot a bolt. The bolt hits Sigmund!
Sigmund is moderately wounded.
Sigmund breathes ice at you. The flash freeze hits you!
You feel a painful chill!
Ouch! That really hurt!
* * * LOW HITPOINT WARNING * * *
You are encased in ice.
As you read the scroll labelled FURGHA YRUONG, it crumbles to dust.
The scroll dissolves into smoke.
It was a scroll of fog.
Sigmund closely misses you. The ice encasing you melts away.
Sigmund breathes ice at you. The flash freeze hits you!!
You feel a painful chill!
Ouch! That really hurt!
You die...

...#........# #ยง#
##.#........# #.#
...#........#
###.###
##)...>.....#
#.....#
##.#.#.######
##k....# .....#.#
#......# ##.###.##
#......# #......#
#......# #......#
#@######
##.#....########.#
.................#
##.#....##########
#.####.# #......#
########


You could see Sigmund the rime drake (catching breath).

Vanquished Creatures
  3 dart slugs (D:1)
  3 ball pythons (D:1)
  5 endoplasms (D:1)
  2 giant cockroaches (D:1)
  3 goblins
  A hobgoblin (D:1)
  A kobold (D:1)
  A quokka (D:1)
  5 bats (D:1)
  4 rats (D:1)
28 creatures vanquished.

Vanquished Creatures (others)
  5 toadstools (D:1)
5 creatures vanquished.

Grand Total: 33 creatures vanquished

Notes
Turn   | Place    | Note
-------+----------+-------------------------------------------
     0 | D:1      | enile the Gnoll Wanderer began the quest for the Orb.
     0 | D:1      | enile set off with the following items: a +0 hand crossbow,
                  | a wand of polymorph (15), 31 bolts, a +0 buckler, a +0
                  | leather armour
     0 | D:1      | Reached XP level 1. HP: 17/17 MP: 1/1
   140 | D:1      | Reached XP level 2. HP: 23/23 MP: 2/2
   343 | D:1      | Reached XP level 3. HP: 26/28 MP: 3/3
   824 | D:2      | Noticed Sigmund
   833 | D:2      | Noticed Sigmund
   833 | D:2      | Sigmund changed into Sigmund the fire bat
   836 | D:2      | Gained mutation: You are occasionally teleported next to
                  | monsters. [potion of mutation]
   837 | D:2      | Noticed Sigmund
   837 | D:2      | Sigmund the fire bat changed into Sigmund the sky beast
   838 | D:2      | Noticed Sigmund
   838 | D:2      | Sigmund the sky beast changed into Sigmund the acid dragon
   839 | D:2      | Noticed Sigmund
   839 | D:2      | Sigmund the acid dragon changed into Sigmund the rime drake
   864 | D:2      | Killed from afar by Sigmund the rime drake

Illustrated notes

Levels and vault maps discovered:
D:1:      ldierk_walled_garden, layout_basic
D:2:      layout_loops_cross, basic_altar, hellmonk_ecumenical_altar_lost_god,
          uniq_sigmund

Action                   || total
-------------------------++-------
 Fire: Hand crossbow     ||    61
Evoke: Wand              ||     4
  Use: Potion            ||     4
       Scroll            ||     1
Armor: Leather armour    ||     8
       Ring mail         ||     2
Dodge: Dodged            ||     9
Block: Buckler           ||     5

Table legend: (Time is in decaauts)
 A = Elapsed time spent in this place.
 B = Non-inter-level travel time spent in this place.
 C = Inter-level travel time spent in this place.
 D = Time resting spent in this place.
 E = Time spent auto-exploring this place.
 F = Levels seen in this place.
 G = Mean time per level.
                   A        B        C        D        E       F      G
               +--------+--------+--------+--------+--------+-----+--------+
         Total |    869 |    864 |      5 |      0 |    619 |   2 |  434.5 |
       Dungeon |    869 |    864 |      5 |      0 |    619 |   2 |  434.5 |
               +--------+--------+--------+--------+--------+-----+--------+

Top non-repeatable levels by time:
     D:1: 745 daAuts
     D:2: 124 daAuts
